 Dungeon Crawl Stone Soup version 0.20.0-8-g6b59dc7 (webtiles) character file.

157 MTVSty1e the Chopper (level 5, -1/48 HPs)
             Began as a Minotaur Fighter on June 2, 2017.
             Slain by MTVSty1e's ghost (10 damage)
             ... on level 3 of the Dungeon.
             The game lasted 00:02:32 (2152 turns).

MTVSty1e the Chopper (Minotaur Fighter)             Turns: 2152, Time: 00:02:32

Health: -1/48      AC: 11    Str: 26    XL:     5   Next: 15%
Magic:  4/4        EV:  7    Int:  5    God:
Gold:   50         SH: 10    Dex: 10    Spells: 4/4 levels left

rFire    . . .     SeeInvis .   a - +0 war axe
rCold    . . .     Gourm    .   c - +0 shield
rNeg     . . .     Faith    .   b - +0 scale mail
rPois    .         Spirit   .   (helmet restricted)
rElec    .         Reflect  .   w - +2 cloak
rCorr    .         Harm     .   (no gloves)
MR       .....                  o - +0 pair of boots
Stlth    ..........             (no amulet)
Regen    0.2/turn               g - ring of wizardry
MPRegen  0.1/turn               (no ring)

@: mighty
A: retaliatory headbutt, horns 2
a: no special abilities


You were on level 3 of the Dungeon.
You were not hungry.

You visited 1 branch of the dungeon, and saw 3 of its levels.

You collected 50 gold pieces.

Inventory:

Hand Weapons
 a - a +0 war axe (weapon)
Armour
 b - a +0 scale mail (worn)
 c - a +0 shield (worn)
 o - a +0 pair of boots (worn)
 w - a +2 cloak (worn)
Jewellery
 g - a ring of wizardry (left hand)
Scrolls
 e - 3 scrolls of teleportation {unknown}
 f - a scroll of magic mapping {unknown}
 j - a scroll of enchant weapon {unknown}
 m - a scroll of recharging {unknown}
 n - 2 scrolls of remove curse {unknown}
 p - a scroll of immolation {unknown}
 u - a scroll of identify {unknown}
Potions
 d - a potion of might
 h - a potion of lignification {unknown}
 i - a potion of flight {unknown}
 k - a potion of cancellation {unknown}
 l - a potion of mutation {unknown}
 s - a potion of brilliance {unknown}
 t - a potion of heal wounds {unknown}
 x - a potion of haste {unknown}
Comestibles
 q - a royal jelly
 r - 2 meat rations
 v - a bread ration


   Skills:
 + Level 5.0 Fighting
 * Level 5.5 Axes
 - Level 3.6 Armour
 - Level 3.6 Shields


You had 4 spell levels left.
You didn't know any spells.

Dungeon Overview and Level Annotations

Branches:
Dungeon (3/15)

Altars:

Annotations:
D:3 MTVSty1e's ghost, amateur MiFi


Innate Abilities, Weirdness & Mutations

You reflexively headbutt those who attack you in melee.
You have a pair of horns on your head.


Message History

You hit MTVSty1e's ghost but do no damage.
Your headbutt misses MTVSty1e's ghost.
MTVSty1e's ghost is heavily damaged.
You completely miss the goblin. MTVSty1e's ghost barely misses you.
You furiously retaliate!
You headbutt MTVSty1e's ghost. The goblin hits you but does no damage.
You closely miss MTVSty1e's ghost. You headbutt MTVSty1e's ghost.
MTVSty1e's ghost is severely damaged.
You completely miss the goblin. MTVSty1e's ghost barely misses you.
You block the goblin's attack.
Your shield and scale mail prevent you from hitting MTVSty1e's ghost.
MTVSty1e's ghost is severely damaged.
You slice the goblin!!
You kill the goblin!
You block MTVSty1e's ghost's attack. MTVSty1e's ghost hits you!
* * * LOW HITPOINT WARNING * * *
You closely miss MTVSty1e's ghost.
MTVSty1e's ghost is severely damaged.
MTVSty1e's ghost hits you!
You die...

####..##.###
...........####
##..............
##.....###.#.####
##.#.# #.#.#
#....######.#.# #
#.........#.#
#..#####>########.#
#.W@.......# #.#
#...)....###.# #.#
#.#####.$# #. #.# #
#..# #. ### #..# #.
#.. #..###.##.#
........#.#
#.####..#.#
........#.#


You could see MTVSty1e's ghost.

Vanquished Creatures
  Crazy Yiuf (D:2)
  Robin (D:2)
  5 adders
  A worm (D:2)
  A leopard gecko (D:3)
  A ball python (D:2)
  5 bats
  4 giant cockroaches
  9 hobgoblins
  8 jackals
  2 quokkas
  6 frilled lizards (D:2)
  10 goblins
  6 kobolds
  7 rats
67 creatures vanquished.

Notes
Turn   | Place    | Note
-------+----------+-------------------------------------------
     0 | D:1      | MTVSty1e the Minotaur Fighter began the quest for the Orb.
     0 | D:1      | Reached XP level 1. HP: 19/19 MP: 0/0
   159 | D:1      | Reached XP level 2. HP: 27/27 MP: 1/1
   780 | D:2      | Reached XP level 3. HP: 30/33 MP: 2/2
   840 | D:2      | Noticed Robin
   853 | D:2      | Killed Robin
  1329 | D:2      | Reached XP level 4. HP: 35/41 MP: 3/3
  1593 | D:2      | Found a runed door.
  1639 | D:2      | Found a faded altar of an unknown god.
  1646 | D:2      | Reached skill level 5 in Axes
  1878 | D:2      | Noticed Crazy Yiuf
  1884 | D:2      | Killed Crazy Yiuf
  2052 | D:3      | Reached XP level 5. HP: 47/47 MP: 4/4
  2112 | D:3      | Reached skill level 5 in Fighting
  2139 | D:3      | Noticed MTVSty1e's ghost (amateur MiFi)
  2152 | D:3      | Slain by MTVSty1e's ghost

Skill      XL: |  1  2  3  4  5 |
---------------+----------------+-----
Axes           | 3 4 5 |  5.5
Fighting       | 4 5 |  5.0
Armour         | |  3.6
Shields        | |  3.6

Action                   |  1- 3 |  4- 6 || total
-------------------------+-------+-------++-------
Melee: War axe           |   118 |    79 ||   197
       Headbutt          |     9 |    12 ||    21
  Use: Potion            |       |     1 ||     1
  Eat: Bread ration      |     1 |       ||     1
Armor: Scale mail        |    52 |    31 ||    83
Dodge: Dodged            |    33 |    13 ||    46
Block: Shield            |    85 |    45 ||   130
